 Dungeon Crawl Stone Soup version 0.30-a0-331-g8ab09dc110 (console) character file.

Game seed: 5859880178727501315

6 capslocke the Charlatan (level 2, 0/16 HPs)
             Began as a Kobold Artificer on Oct 30, 2022.
             Succumbed to a goblin's poison
             ... on level 1 of the Dungeon.
             The game lasted 00:00:56 (112 turns).

capslocke the Charlatan (Kobold Artificer)           Turns: 112, Time: 00:00:57

Health: 0/16       AC:  3    Str:  9    XL:     2   Next: 0%
Magic:  2/2        EV: 14    Int: 12    God:
Gold:   0          SH:  0    Dex: 15    Spells: 1/1 levels left

rFire   . . .      SeeInvis .    h - +0 dagger
rCold   . . .      Faith    .    (no shield)
rNeg    . . .      Spirit   .    b - +0 leather armour
rPois   .          Reflect  .    (no helmet)
rElec   .          Harm     .    (no cloak)
rCorr   .          Rampage  .    (no gloves)
Will    .....                    (no boots)
Stlth   +++.......               (no amulet)
HPRegen 0.22/turn                (no ring)
MPRegen 0.08/turn                (no ring)

@: lethally poisoned (0 -> -9)
A: small, no large weapons, nightstalker 3
a: no special abilities


You were on level 1 of the Dungeon.
You visited 1 branch of the dungeon, and saw 1 of its levels.

Inventory:

Hand Weapons
 a - a +0 club
 h - a +0 dagger (weapon)
Armour
 b - a +0 leather armour (worn)
Wands
 c - a wand of flame (9) (quivered)
 d - a wand of charming (15)
 e - a wand of iceblast (5)
Scrolls
 f - a scroll of identify {unknown}
 g - a scroll of poison {unknown}


   Skills:
 + Level 1.3 Fighting
 + Level 1.1 Armour
 + Level 2.4 Dodging
 - Level 1.3 Stealth
 + Level 3.8 Evocations


You had one spell level left.
You didn't know any spells.
Your spell library was empty.

Dungeon Overview and Level Annotations

Branches:
Dungeon (1/15)

Altars:


Innate Abilities, Weirdness & Mutations

You are small and have problems with some larger weapons.
You are completely attuned to the shadows.


Message History

Aiming: Throw Flame
Press: ? - help, Shift-Dir - straight line, f/p - endoplasm
Aim: an endoplasm (heavily wounded, 98% to hit)
The puff of flame hits the endoplasm.
You kill the endoplasm!
A goblin comes into view. It is wielding a +0 dagger of venom.
Found a sling.
The goblin shouts!
The goblin hits you but does no damage.
You are poisoned.
An endoplasm comes into view.
You barely miss the goblin. You punch the goblin.
The goblin is heavily wounded.
You feel sick. The goblin hits you but does no damage.
You are lethally poisoned!
You miss the goblin.
The goblin is heavily wounded.
You feel very sick. The goblin completely misses you.
You barely miss the goblin.
The goblin is heavily wounded.
* * * LOW HITPOINT WARNING * * *
You feel very sick. The goblin barely misses you.
Aiming: Throw Flame
Press: ? - help, Shift-Dir - straight line, f - goblin
Aim: a goblin, wielding a +0 dagger of venom (heavily wounded, 64% to hit)
The puff of flame hits the goblin!
You kill the goblin!
* * * LOW HITPOINT WARNING * * *
You feel sick.
The endoplasm hits you but does no damage.
You have reached level 2!
You aren't carrying any potions.
Aiming: Throw Flame
Press: ? - help, Shift-Dir - straight line, f - endoplasm
Aim: an endoplasm (98% to hit)
The puff of flame hits the endoplasm!
You kill the endoplasm!
You die...

......# ......#
.#.##########
......##.#.#.........
.).)..##.#.#.###.###.
....@.##.#.#.#.....#.
.........#...#..<..#.
......##.#.#.#.....#.
########.#.#.#######.
#.#.#.........
#.#.##########
#.#...........
#.#######'####
#.............


There were no monsters in sight!

Vanquished Creatures
  3 endoplasms (D:1)
  2 goblins (D:1)
  A frilled lizard (D:1)
6 creatures vanquished.

Notes
Turn   | Place    | Note
-------+----------+-------------------------------------------
     0 | D:1      | capslocke the Kobold Artificer began the quest for the Orb.
     0 | D:1      | Reached XP level 1. HP: 12/12 MP: 1/1
   102 | D:1      | Reached skill level 1 in Armour
   112 | D:1      | Reached XP level 2. HP: 1/16 MP: 2/2
   112 | D:1      | Succumbed to a goblin's poison

Illustrated notes

Levels and vault maps discovered:
D:1:      matt_arrival_refuge, layout_basic

Skill      XL: |  1 |
---------------+----+-----
Armour         | 1 |  1.1
Fighting       | |  1.3
Dodging        | |  2.4
Stealth        | |  1.3
Evocations     | |  3.8

Action                   || total
-------------------------++-------
Melee: Club              ||    14
       Dagger            ||     3
       Punch             ||     1
Evoke: Wand              ||     6
Armor: Leather armour    ||     7
Dodge: Dodged            ||    11

Table legend: (Time is in decaauts)
 A = Elapsed time spent in this place.
 B = Non-inter-level travel time spent in this place.
 C = Inter-level travel time spent in this place.
 D = Time resting spent in this place.
 E = Time spent auto-exploring this place.
 F = Levels seen in this place.
 G = Mean time per level.
                   A        B        C        D        E       F      G
               +--------+--------+--------+--------+--------+-----+--------+
         Total |    115 |    115 |      0 |     10 |     64 |   1 |  115.0 |
       Dungeon |    115 |    115 |      0 |     10 |     64 |   1 |  115.0 |
               +--------+--------+--------+--------+--------+-----+--------+

Top non-repeatable levels by time:
     D:1: 115 daAuts
